[Event "Late-Titled-Tuesday-Blitz-May-14-2024"]
[Site "Chess.com"]
[Date "2024.05.14"]
[Round "1"]
[White "Revan_2002"]
[Black "WPWPWP-2015"]
[Result "1-0"]
[WhiteElo "2752"]
[BlackElo "2420"]
[TimeControl "180+1"]
[EndTime "14:08:52 PDT"]
[Termination "Revan_2002 won by resignation"]

1. Nf3 Nf6 2. c4 e6 3. g3 d5 4. Bg2 Be7 5. O-O O-O 6. b3 Nbd7 7. Bb2 a5 8. Nc3 c6 9. e3 b6 10. Qe2 Ba6 11. Rfd1 Qc7 12. Rac1 Rac8 13. d3 Qa7 14. e4 dxc4 15. bxc4 e5 16. Nh4 Bd6 17. Nf5 Qb8 18.
Qe3 h6 19. h3 Bc5 20. Qf3 Rfe8 21. Rb1 Qc7 22. Bc1 Bb4 23. Ne2 Bf8 24. g4 Nh7 25. h4 Nc5 26. Be3 Rcd8 27. Neg3 Bc8 28. g5 hxg5 29. hxg5 Rxd3 30. Rxd3 Nxd3 31. Bxb6 Qd7 32.
Rd1 Qb7 33. Be3 Nc5 34. Nd6 Bxd6 35. Rxd6 Ne6 36. Nf5 Nexg5 37. Qg3 f6 38. Rd1 Qf7 39. Nd6 Qh5 40. Rb1 Rf8 41. c5 Be6 42. a4 Qg4 43. Qxg4 Bxg4 44. Kh2 Nf7 45. Nb7 Ra8 46. Rb6 Bd1 47. Rxc6 Bxa4 48. Rb6 Rb8 49. Nxa5 Rc8 50. c6 Nd8 51. Bh3 Rxc6 52. Nxc6 Nxc6 53. Bd7 Ne7 54. Bxa4 Kf7 55. Rb7 Ke6 56. Bb3+ Kd6 57. Rb6+ Kc7 58. Bd5 Nc8 59. Rb7+ Kd6 60. Rxg7 Ng5 61. Bxg5 fxg5 62.
Rg6+ Kc5 63. Rxg5 Kd4 64. Rg6 Ne7 65. Re6 Nc8 66. Kg3 Kd3 67. f4 exf4+ 68. Kxf4 Kd4 69. Rc6 Ne7 70. Rc4+ Kd3 71. Kg5 Nxd5 72. exd5 Kxc4 73. d6 Kc5 74. d7 Kc6 75. d8=Q Kb7 76. Qd6 Ka8 77. Qe7 1-0

[Event "Late-Titled-Tuesday-Blitz-May-14-2024"]
[Site "Chess.com"]
[Date "2024.05.14"]
[Round "1"]
[White "yobdc"]
[Black "vladislavkovalev"]
[Result "1/2-1/2"]
[WhiteElo "2484"]
[BlackElo "2844"]
[TimeControl "180+1"]
[EndTime "14:08:54 PDT"]
[Termination "Game drawn by repetition"]

1. e4 e5 2. Nf3 Nc6 3. Bc4 Nf6 4. d4 exd4 5. e5 d5 6. Bb5 Nd7 7. O-O Be7 8. c3 a6 9. Bxc6 bxc6 10. cxd4 O-O 11. Nc3 f6 12. h3 fxe5 13. dxe5 Nc5 14. Nd4 Bd7 15. Be3 Ne6 16. Na4 Nxd4 17. Bxd4 Qe8 18.
Kh2 Rf4 19. g3 Rf5 20. f3 Qg6 21. g4 Rf4 22. Be3 Raf8 23. Nc5 Bc8 24. Nd3 R4f7 25.
f4 Qe4 26. Qd2 h5 27. Nc5 Qh7 28. g5 Qf5 29. Qg2 Re8 30. Rf2 Bf8 31. Re1 Rd8 32. Nb3 c5 33. Bxc5 Bxc5 34. Nxc5 d4 35. Qe4 Qxh3+ 36.
Kg1 Qg3+ 37. Qg2 Qg4 38. Qxg4 Bxg4 39. Nd3 Bf5 40. Rd1 Rdf8 41. Nc5 Rd8 42. Rfd2 d3 43. Nxd3 Bxd3 44. Rxd3 Rxd3 45. Rxd3 Rxf4 46. Rd7 Re4 47.
Rxc7 Rxe5 48. g6 Rg5+ 49. Kh2 Rxg6 50. b4 Kh7 51. a4 Rg4 52. Rc5 Kh6 53. Rc6+ g6 54.
Rxa6 Rxb4 55. a5 Rb2+ 56. Kg3 Rb3+ 57. Kg2 h4 58. Ra8 Ra3 59. a6 g5 60. a7 Kg7 61.
Kh2 g4 62. Kg2 Ra2+ 63. Kg1 h3 64. Rc8 Rxa7 65. Rc4 Ra1+ 66. Kh2 Ra2+ 67. Kh1 Rg2 68. Rc7+ Kf6 69. Rc6+ Kg5 70. Rc5+ Kf4 71. Rc4+ Ke3 72. Rc3+ Kd4 73. Rc4+ Kd3 74. Rc3+ Ke4 75. Rc4+ Kf5 76.
Rc5+ Kf4 77. Rc4+ Kf3 78. Rc3+ Kf2 79. Rc2+ Kg3 80. Rc3+ Kf4 81. Rc4+ 1/2-1/2

[Event "Late-Titled-Tuesday-Blitz-May-14-2024"]
[Site "Chess.com"]
[Date "2024.05.14"]
[Round "1"]
[White "GMMikhailKazakov"]
[Black "Kacparov"]
[Result "0-1"]
[WhiteElo "2519"]
[BlackElo "2922"]
[TimeControl "180+1"]
[EndTime "14:08:55 PDT"]
[Termination "Kacparov won by checkmate"]

1. d4 Nf6 2. c4 e6 3. Nc3 Bb4 4. e3 O-O 5. Bd3 d5 6. Nf3 c5 7. O-O dxc4 8. Bxc4 Nc6 9. a3 Bxc3 10. bxc3 b6 11.
Bd3 h6 12. Bb2 Bb7 13. e4 cxd4 14. cxd4 Rc8 15. Qe2 Na5 16. Rad1 Qe7 17. Bb1 Rfd8 18. Qd3 Bxe4 19. Qe2 Bxb1 20. Rxb1 Nc4 21. Bc1 Nxa3 22.
Rb3 Nc4 23. Ne5 Rxd4 24. Nxc4 Rdxc4 25. Bb2 Rc2 26. Qe5 Qc5 27. Qg3 Qg5 28. Qd6 Ne4 29. Qd4 R2c4 30. Qd7 R4c7 31. Qd4 Rc4 32. Qd7 Qd5 33.
Qxa7 b5 34. Rf3 R4c7 35. Qa1 f6 36. h3 e5 37. Re3 Nd6 38. Ree1 Nc4 39. Bc3 Nd6 40.
Rd1 Qe6 41. Bb4 Nc4 42. Qa2 Rd7 43. Qe2 Rcd8 44. Rb1 Qf5 45. f3 Qd3 46. Qxd3 Rxd3 47. Rfe1 R3d5 48. Bc3 Kf7 49. Bb4 Ke6 50. Kf2 g5 51.
Re2 h5 52. Rc2 h4 53. Be1 Ra8 54. Ke2 Rad8 55. Rb3 Kf5 56. Rb1 Na3 57. Rcb2 Nxb1 58. Rxb1 Rc8 59. Bb4 Rc2+ 60. Kf1 Rc4 61. Be1 Ke6 62.
Ke2 f5 63. Kf1 e4 64. fxe4 Rxe4 65. Rc1 f4 66. Rc6+ Kf5 67. Rc8 Rd1 68. Rf8+ Kg6 69.
Kf2 Rdxe1 70. Rg8+ Kf6 71. Rb8 R1e2+ 72. Kf1 Rb2 73. Rb6+ Kf5 74. Rb8 Rc4 75. Kg1 Rcc2 76. Kh1 b4 77. Rb5+ Ke4 78. Rxg5 f3 79. Rg4+ Ke3 80. gxf3 Rb1+ 81. Rg1 Rxg1+ 82. Kxg1 b3 83. Kf1 b2 84. Kg1 b1=Q# 0-1

[Event "Late-Titled-Tuesday-Blitz-May-14-2024"]
[Site "Chess.com"]
[Date "2024.05.14"]
[Round "1"]
[White "Beltraxtor"]
[Black "duone"]
[Result "1/2-1/2"]
[WhiteElo "2725"]
[BlackElo "2413"]
[TimeControl "180+1"]
[EndTime "14:08:57 PDT"]
[Termination "Game drawn - insufficient material"]

1. e4 c5 2. Nf3 e6 3. c3 d5 4.
exd5 exd5 5. d4 Nf6 6. Bb5+ Bd7 7.
Bxd7+ Nbxd7 8. O-O Be7 9. Bf4 O-O 10. Nbd2 Nh5 11. Be3 f5 12. dxc5 f4 13. Bd4 Nxc5 14. Bxc5 Bxc5 15. Nb3 Bb6 16. Qd3 Nf6 17. Rad1 Qd7 18.
Rfe1 Rfe8 19. Rxe8+ Rxe8 20. Nbd4 Ne4 21. Kf1 Kh8 22.
h3 Qa4 23. a3 Bc5 24. h4 b5 25. Ng5 h6 26. b3 Qxa3 27. Qxb5 Rg8 28. Nxe4 dxe4 29.
Ne6 Bb6 30. Nxf4 Qb2 31. Ng6+ Kh7 32. Qf5 Qxf2+ 33. Qxf2 Bxf2 34. Kxf2 Kxg6 35. Ke3 Rc8 36. Rd6+ Kf5 37. Kd4 e3 38. Kd3 e2 39. Kxe2 Rxc3 40. Rd7 Rxb3 41. Rxg7 a5 42. Kf2 a4 43. Ra7 a3 44.
Ra5+ Kg4 45. Ra4+ Kh5 46. Kg1 Rb1+ 47. Kh2 Ra1 48. Ra5+ Kxh4 49. Ra4+ Kg5 50. Kg3 Kg6 51. Ra6+ Kg5 52. Ra5+ Kf6 53. Ra6+ Ke5 54. Rxh6 a2 55. Ra6 Kf5 56. Ra5+ Ke4 57. Kg4 Kd3 58. Kg5 Kc2 59. g4 Kb2 60. Rb5+ Kc3 61. Rc5+ Kb2 62. Ra5 Rb1 63.
Rb5+ Kc2 64. Ra5 a1=Q 65. Rxa1 Rxa1 66. Kf6 Kd3 67. g5 Ke4 68. g6 Ra6+ 69. Kf7 Ke5 70. g7 Ra7+ 71. Kg6 Ra8 72. Kf7 Ra7+ 73. Kg6 Ra1 74.
g8=Q Rg1+ 75. Kf7 Rxg8 76. Kxg8 1/2-1/2

[Event "Late-Titled-Tuesday-Blitz-May-14-2024"]
[Site "Chess.com"]
[Date "2024.05.14"]
[Round "1"]
[White "Naruto-K"]
[Black "Szparu"]
[Result "0-1"]
[WhiteElo "2476"]
[BlackElo "2863"]
[TimeControl "180+1"]
[EndTime "14:08:59 PDT"]
[Termination "Szparu won by checkmate"]

1. Nf3 d5 2. c4 c6 3. g3 Nf6 4.
Bg2 Bf5 5. O-O e6 6. b3 Nbd7 7. Bb2 h6 8. d3 Bh7 9. Nbd2 Be7 10. Rc1 O-O 11. Rc2 b5 12. Qa1 Qb6 13. Rfc1 b4 14. cxd5 cxd5 15. Rc6 Qa5 16. Nd4 Rfe8 17. Bh3 Ne5 18.
R6c2 Bd6 19. Nxe6 Neg4 20. Nd4 h5 21. N2f3 Bf8 22. Bg2 Qb6 23. Rc6 Qd8 24. h3 Nh6 25. R1c2 a5 26. Nb5 a4 27. bxa4 Rxa4 28. Qd1 Ra5 29.
Nc7 Re7 30. Bxf6 gxf6 31. Nd4 Rd7 32. Qc1 Nf5 33. Nxf5 Bxf5 34. Kh2 h4 35. Qf4 Bg6 36.
Qxh4 d4 37. Qf4 Bd6 38. Qf3 Rxc7 39. Rxc7 Bxc7 40. Qc6 Ra7 41. Bf3 Kg7 42. h4 Qd6 43. Qc4 Bb8 44. Qc8 Ra5 45. Kg2 Bf5 46. Qc4 Be6 47.
Qc6 Qxc6 48. Rxc6 Rxa2 49. Rb6 Be5 50. Rxb4 Ra7 51. Rb6 Rd7 52. Rc6 Rc7 53. Rb6 Rc2 54. Rb5 Bd6 55. Rb6 Be5 56. Rb4 f5 57. Rb5 Bf6 58. Rb4 f4 59. Rb5 fxg3 60. Kxg3 Be7 61.
Ra5 Bd6+ 62. Kg2 Rc1 63. h5 Bf4 64. Ra4 Be5 65. Ra5 Kf6 66. Ra6 Rc8 67. Ra5 Rg8+ 68. Kf1 Bh3+ 69. Ke1 Bf4 70. Kd1 Rg1+ 71. Kc2 Rg5 72.
Ra6+ Kg7 73. Ra7 Rc5+ 74. Kb3 Be6+ 75. Kb4 Bd6 76. Ka4 Rc1 77. Ra5 Ra1+ 78. Kb5 Bd7+ 79. Ka6 Bc8+ 80. Kb5 Bd7+ 81. Ka6 Rb1 82. Ra2 Bc8+ 83.
Ka5 Bc7+ 84. Ka4 Bd7+ 85. Ka3 Bd6# 0-1

[Event "Late-Titled-Tuesday-Blitz-May-14-2024"]
[Site "Chess.com"]
[Date "2024.05.14"]
[Round "1"]
[White "Evan_Attaker"]
[Black "chess_sharparchitect"]
[Result "0-1"]
[WhiteElo "2648"]
[BlackElo "2357"]
[TimeControl "180+1"]
[EndTime "14:09:00 PDT"]
[Termination "chess_sharparchitect won on time"]

1. Nf3 d5 2. c4 Nf6 3. cxd5 Nxd5 4. g3 c5 5. Bg2 Nc6 6. O-O e5 7. d3 Be7 8. Nc3 Nc7 9. Bd2 O-O 10. a3 Be6 11. Rc1 f6 12. Ne4 Na6 13. Qa4 Rc8 14. Be3 Nd4 15. Bxd4 cxd4 16. h4 Qd7 17. Qxd7 Bxd7 18. b4 Rxc1 19. Rxc1 Rc8 20. Rxc8+ Bxc8 21. Ned2 Nc7 22. Ne1 b6 23. Nc2 Be6 24. Kf1 Kf7 25. e3 dxe3 26. Nxe3 g6 27. Nc2 Bf5 28. Ke2 h5 29.
Ne3 Be6 30. Ndc4 Nb5 31. Nc2 Nc3+ 32. Kd2 Nd5 33. b5 Nc7 34. a4 Nd5 35. d4 exd4 36.
Nxd4 Bb4+ 37. Kd3 Ne7 38. Be4 f5 39. Bg2 Bc5 40. Ne5+ Kf6 41. Nef3 Bd5 42. Ke2 Be4 43. Bf1 Nd5 44. Nb3 Bb4 45. Nfd2 Nc3+ 46. Ke3 Bc5+ 47. Nxc5 bxc5 48. Nxe4+ Nxe4 49. Bg2 Nd6 50. Kd3 Ke5 51. Kc3 f4 52. Bc6 fxg3 53. fxg3 Kf6 54. a5 Ke7 55. b6 axb6 56. axb6 Kd8 57. Kd3 Kc8 58. Ke3 Nc4+ 59. Kf4 Nxb6 60. Kg5 Nc4 61. Be4 Ne5 62. Kf6 Ng4+ 63.
Kxg6 Nf2 64. Bd5 Kd7 65. Kxh5 Kd6 66. Ba2 Ke5 0-1

[Event "Late-Titled-Tuesday-Blitz-May-14-2024"]
[Site "Chess.com"]
[Date "2024.05.14"]
[Round "1"]
[White "Kildepiotr"]
[Black "NajdorfPlayerc5"]
[Result "1-0"]
[WhiteElo "2725"]
[BlackElo "2393"]
[TimeControl "180+1"]
[EndTime "14:09:01 PDT"]
[Termination "Kildepiotr won on time"]

1. Nf3 Nf6 2. g3 b6 3. Bg2 Bb7 4. O-O e6 5. c4 Be7 6. Nc3 O-O 7.
d3 d5 8. cxd5 exd5 9. Nd4 c5 10.
Nf5 Nc6 11. Qa4 g6 12. Nxe7+ Nxe7 13. Bg5 Kg7 14. e4 h6 15. Bxf6+ Kxf6 16. e5+ Kg7 17. d4 Bc6 18. Qd1 Qd7 19. Qd2 Rad8 20. Rad1 Rfe8 21.
h4 cxd4 22. Qxd4 Nf5 23. Qf4 d4 24. Ne4 Qd5 25. g4 Qxe5 26. Qxe5+ Rxe5 27. gxf5 Bxe4 28. Rfe1 Rde8 29. fxg6 Bxg6 30. Rxe5 Rxe5 31. Rxd4 Re1+ 32. Bf1 Re4 33. Rxe4 Bxe4 34. Kh2 Kf6 35. Kg3 Ke5 36. Kg4 Bg6 37. f4+ Kf6 38. Bc4 Bf5+ 39. Kf3 a5 40. a3 Ke7 41. Ke3 f6 42. Kd4 Kd6 43. Bd5 Bd7 44. b4 axb4 45. axb4 Bf5 46. Be4 Bd7 47.
Bd3 Bc8 48. Ke4 Bd7 49. Be2 Bc8 50. Kd4 Bd7 51. Kc4 f5 52. Kd4 Be6 53. Bc4 Bd7 54.
Bd3 Bc8 55. Bc2 Bd7 56. Bb3 Bc8 57. Ba4 Be6 58. Be8 Bc8 59. Bg6 Be6 60. Bh7 Bd7 61. Kc4 Ke6 62. Bg8+ Kd6 63. Bf7 Bc8 64.
Kd4 Bd7 65. Bd5 Bc8 66. Bf3 Bd7 67. Be2 Bc8 68. Bc4 Bd7 69. Bb3 Bc8 70. Bc2 Bd7 71. Kc4 Be8 72. Bxf5 Bf7+ 73. Kd4 Be8 74. Be4 Bb5 75.
Bd5 Bd7 76. Be4 Bc8 77. f5 Bd7 78. f6 Ke6 79. Bf5+ Kxf5 80. f7 1-0

[Event "Late-Titled-Tuesday-Blitz-May-14-2024"]
[Site "Chess.com"]
[Date "2024.05.14"]
[Round "1"]
[White "Savagelittlemole"]
[Black "dretch"]
[Result "0-1"]
[WhiteElo "2494"]
[BlackElo "2882"]
[TimeControl "180+1"]
[EndTime "14:09:10 PDT"]
[Termination "dretch won by checkmate"]

1. e4 e6 2. d4 d5 3. Nd2 c5 4. exd5 Qxd5 5. Ngf3 cxd4 6. Bc4 Qd7 7. O-O Nc6 8. Nb3 Nf6 9. Nbxd4 Be7 10. Nxc6 Qxc6 11. Ne5 Qc5 12. Qe2 O-O 13. Bd3 b6 14. Qf3 Qxe5 15. Qxa8 Ng4 16. g3 Qh5 17. Qg2 Bb7 18.
f3 Bc5+ 19. Kh1 Rd8 20. Bf4 e5 21. Bd2 Nxh2 22. Qxh2 Bxf3+ 23. Rxf3 Qxf3+ 24. Qg2 Qh5+ 25. Qh2 Qxh2+ 26. Kxh2 e4 27. Bg5 Rd5 28. Re1 Rxg5 29. Rxe4 Kf8 30. a4 g6 31. Bb5 Bd6 32. Re3 h5 33.
Kh3 Kg7 34. b3 Re5 35. Rf3 Bc5 36. Bc4 f5 37. Rd3 Kf6 38. Rd7 Re7 39. Rd8 a5 40.
Rf8+ Kg5 41. Rg8 Rd7 42. Kg2 Rd6 43. Kf3 Bd4 44. Bf7 Bc3 45. Bc4 Rf6 46. Bd3 Bb4 47.
Rb8 Bc5 48. Rc8 f4 49. Rg8 fxg3+ 50. Kxg3 Bd6+ 51. Kg2 Bb4 52. Rb8 Bc5 53. Rg8 Kh6 54. Rh8+ Kg7 55. Rd8 Rf2+ 56. Kg3 Rf7 57. Rc8 Rf6 58.
Rc7+ Kh6 59. Rc8 Kg5 60. Rd8 Bf2+ 61. Kg2 Be3 62. Rd5+ Kh6 63. Rd8 Bf4 64. Rh8+ Kg5 65. Rd8 Bd6 66. Re8 Bc5 67. Re5+ Kh6 68. Re8 Rf7 69. Rh8+ Rh7 70. Re8 Rg7 71. Re6 Kg5 72.
Re5+ Kf6 73. Rd5 g5 74. Rd8 g4 75. Re8 Kg5 76. Re5+ Kh4 77. Re1 Rf7 78. Rh1+ Kg5 79. Re1 Rf2+ 80. Kh1 Rf6 81. Re5+ Kh4 82. Kg2 Rf2+ 83.
Kh1 Rd2 84. Bg6 Kg3 85. Re1 Rh2# 0-1

[Event "Late-Titled-Tuesday-Blitz-May-14-2024"]
[Site "Chess.com"]
[Date "2024.05.14"]
[Round "1"]
[White "miraitrunks"]
[Black "Dexter_Dyke"]
[Result "1/2-1/2"]
[WhiteElo "2256"]
[BlackElo "2597"]
[TimeControl "180+1"]
[EndTime "14:09:11 PDT"]
[Termination "Game drawn - insufficient material"]

1. e4 e6 2. Nc3 a6 3. a4 c5 4. Nf3 Nc6 5. d4 cxd4 6. Nxd4 Qc7 7.
Be3 Nf6 8. Be2 Nxd4 9. Bxd4 Bc5 10. O-O Bxd4 11. Qxd4 b6 12. e5 Ng8 13. Rad1 Bb7 14. f4 Ne7 15. Bd3 g6 16. Ne4 Bxe4 17.
Bxe4 Rd8 18. Qd6 Qxd6 19. Rxd6 Nc8 20. Rd4 d5 21. exd6 Rxd6 22. Rfd1 Ke7 23. Bb7 Rxd4 24. Rxd4 a5 25. c3 Nd6 26. Ba6 f6 27. Kf2 e5 28.
fxe5 fxe5 29. Rd5 Ke6 30. c4 Rf8+ 31. Ke3 Rf4 32. b3 h5 33. g3 Re4+ 34. Kd3 Rg4 35. Ke3 h4 36. Kf3 Rd4 37. Rxd4 exd4 38. gxh4 Ke5 39. Ke2 Ne4 40. Kd3 Nc5+ 41. Kc2 Kf4 42.
Bc8 Ke3 43. Bg4 d3+ 44. Kd1 Nxb3 45. h5 gxh5 46. Bxh5 Nd2 47. Bf7 Ne4 48. Bh5 d2 49. Kc2 Nd6 50. Kc3 Ne4+ 51. Kc2 Nc5 52. Be8 Nd3 53.
Bh5 Nb4+ 54. Kc3 Na2+ 55. Kb2 Nb4 56. Kc3 Na6 57. Be8 Nc5 58. Bh5 Nxa4+ 59. Kc2 Nc5 60. h4 Ne4 61. Bd1 a4 62. h5 a3 63. h6 Nf6 64.
Kb3 Kf2 65. Kxa3 Ke1 66. Bh5 Nxh5 67. h7 d1=Q 68. h8=Q Qd4 69. Qxd4 Ng3 70. Qxb6 Ne2 71. Qe6 Kd2 72. c5 Nc3 73. Kb3 Nb5 74. Qd6+ Ke3 75. Qe6+ Kd4 76. Qd7+ Kxc5 77. Qxb5+ Kxb5 1/2-1/2

[Event "Late-Titled-Tuesday-Blitz-May-14-2024"]
[Site "Chess.com"]
[Date "2024.05.14"]
[Round "1"]
[White "Ditman2007"]
[Black "laskakid"]
[Result "0-1"]
[WhiteElo "2692"]
[BlackElo "2397"]
[TimeControl "180+1"]
[EndTime "14:09:15 PDT"]
[Termination "laskakid won by checkmate"]

1. e4 d6 2. d4 Nf6 3. Nc3 e5 4.
Nf3 Nbd7 5. Bc4 Be7 6. O-O O-O 7. Re1 c6 8. a4 h6 9. a5 Re8 10.
b3 Qc7 11. h3 exd4 12. Nxd4 Bf8 13. Bf4 Nc5 14. Qf3 Ne6 15. Nxe6 Bxe6 16. e5 Bxc4 17.
exf6 Be6 18. fxg7 Bxg7 19. Qg3 Kh7 20. Bxd6 Qd7 21. Rad1 Qd8 22. Ne4 Qxa5 23. Nc5 Bf5 24. Rxe8 Rxe8 25. Kh2 Bxc2 26. Rc1 Bg6 27. Nxb7 Qb6 28.
Nc5 Bd4 29. Rc4 Bg7 30. Nd7 Qd8 31. Nc5 Qg5 32. Qxg5 hxg5 33. f3 Rd8 34. Bg3 Rd2 35. Ne4 Bxe4 36. fxe4 Rb2 37. b4 Rb3 38. Bd6 Re3 39.
e5 Bxe5+ 40. Bxe5 Rxe5 41. Rxc6 Rb5 42. Rc4 a5 43. bxa5 Rxa5 44. Kg3 Kg6 45. Kg4 Rb5 46. Rc6+ f6 47. Kf3 Rb3+ 48. Kf2 Rb2+ 49. Kg3 Rb3+ 50.
Kh2 Rb2 51. Rc8 Rb3 52. Rh8 Ra3 53. g4 Ra2+ 54. Kg3 Ra3+ 55. Kg2 Ra2+ 56. Kf3 Ra4 57. Rg8+ Kf7 58. Rh8 Kg7 59. Re8 Kf7 60. Rb8 Ra3+ 61. Ke4 Rxh3 62. Rb7+ Kg6 63. Rb8 Rg3 64. Rg8+ Kf7 65.
Rb8 Rxg4+ 66. Kf3 Rf4+ 67. Kg3 Kg6 68. Rg8+ Kf5 69. Rb8 Re4 70. Rb5+ Re5 71. Rb4 Re3+ 72.
Kf2 Re4 73. Rb5+ Kg4 74. Rb6 f5 75. Rb3 f4 76. Kg2 Ra4 77. Rb2 Ra3 78. Kf2 Rc3 79. Kg2 Rd3 80. Kf2 Ra3 81. Kg2 Rg3+ 82. Kf2 Rh3 83. Kg2 f3+ 84. Kg1 Kg3 85. Rg2+ Kf4 86. Ra2 g4 87. Rb2 Rh5 88. Rb4+ Kg3 89. Rb2 Ra5 90.
Rg2+ Kh3 91. Rh2+ Kg3 92. Rg2+ Kf4 93. Rb2 Ra1+ 94. Kf2 g3# 0-1

[Event "Late-Titled-Tuesday-Blitz-May-14-2024"]
[Site "Chess.com"]
[Date "2024.05.14"]
[Round "1"]
[White "BardArtem"]
[Black "Josetricks"]
[Result "1/2-1/2"]
[WhiteElo "2759"]
[BlackElo "2444"]
[TimeControl "180+1"]
[EndTime "14:09:22 PDT"]
[Termination "Game drawn by repetition"]

1. e4 g6 2. d4 Bg7 3. Nc3 c6 4. Nf3 d5 5. Bg5 dxe4 6. Nxe4 Nf6 7. Bd3 O-O 8. Qd2 a5 9. h4 Bg4 10. O-O-O Nbd7 11. Rde1 a4 12. a3 h5 13. Nxf6+ exf6 14. Bf4 Nb6 15. c3 Qd5 16. Be4 Qa2 17. Bb1 Qd5 18. Qd3 Bf5 19. Qd2 Nc4 20. Qe2 Bxb1 21. Kxb1 Qb5 22. Ka1 Rfe8 23. Qc2 Bf8 24. Nd2 Kg7 25.
Nxc4 Qxc4 26. Qd2 Kh7 27. f3 b5 28. g4 Qd5 29. Qd3 Rxe1+ 30. Rxe1 Rd8 31. Qe4 Qb3 32. Bc1 hxg4 33. fxg4 Qd5 34. Qxd5 Rxd5 35. Kb1 f5 36. g5 Bd6 37. Kc2 c5 38. dxc5 Rxc5 39. Rd1 Bc7 40.
Rd7 Kg7 41. Be3 Rc4 42. Bd4+ Kf8 43. Bf6 Ke8 44. Re7+ Kf8 45. b3 axb3+ 46. Kxb3 Bd8 47. Rb7 Bxf6 48. gxf6 Ke8 49. Re7+ Kf8 50. Rb7 Ke8 51.
Rxb5 Rxh4 52. a4 Rh1 53. Kc4 Ra1 54. a5 f4 55. Kd3 g5 56. Ke4 Ra4+ 57. Kf3 Rc4 58.
Rxg5 Rxc3+ 59. Kxf4 Rc4+ 60. Kf3 Rc3+ 61. Kg4 Rc4+ 62.
Kg3 Kd7 63. Rd5+ Ke6 64. Rb5 Kxf6 65. Kf3 Ra4 66. Ke3 Ke6 67. Kd3 f5 68. Kc3 Ra1 69. Kb2 Ra4 70. Kb3 Ra1 71. Kc4 Rc1+ 72. Kd4 Ra1 73. Kc5 f4 74. Kb6 f3 75. Rb2 Ke5 76. a6 Ke4 77. a7 Ke3 78. Rb3+ Ke2 79. Rb2+ Ke3 80. Kb7 f2 81. Rb3+ Ke2 82. Rb2+ Ke3 83. Rb3+ Ke4 84. Rb4+ Ke3 85. Rb3+ 1/2-1/2

[Event "Late-Titled-Tuesday-Blitz-May-14-2024"]
[Site "Chess.com"]
[Date "2024.05.14"]
[Round "1"]
[White "Firouzja2003"]
[Black "lucasran"]
[Result "1-0"]
[WhiteElo "3179"]
[BlackElo "2549"]
[TimeControl "180+1"]
[EndTime "14:09:32 PDT"]
[Termination "Firouzja2003 won by checkmate"]

1. d4 Nf6 2. c4 e6 3. Nc3 Bb4 4. Qb3 c5 5. Nf3 Na6 6. e3 cxd4 7. exd4 O-O 8. Bd3 d5 9. c5 b6 10. a3 Bxc3+ 11. Qxc3 Ne4 12. Bxe4 dxe4 13. Ne5 f6 14. Nc6 Qc7 15. cxb6 axb6 16. Bd2 Bb7 17. Nb4 Qxc3 18. Bxc3 Nxb4 19. Bxb4 Rfc8 20. Bc3 Bd5 21. Kd2 Kf7 22. Ke3 h5 23. h4 Rc6 24. Rhg1 Rh8 25. Rac1 Rhc8 26.
Ra1 Ra8 27. g4 hxg4 28. Rxg4 Rh8 29. a4 Rcc8 30. a5 bxa5 31. Rxa5 Ra8 32. Rc5 Rhc8 33. h5 Rxc5 34. dxc5 Rh8 35. Rh4 e5 36. b4 Bc6 37.
Rh1 Ke6 38. Rd1 Rc8 39. Rd6+ Kf5 40. Kd2 Kg5 41. Kc2 Ba4+ 42. Kb2 Kxh5 43. Ra6 Be8 44.
Kb3 Kg4 45. Kc4 Kf3 46. b5 Kxf2 47. c6 e3 48. Kc5 e2 49. Ra1 Rb8 50. Be1+ Kf3 51.
Rb1 Bxc6 52. Kxc6 e4 53. b6 e3 54. Kc7 Rg8 55. b7 g5 56. Rb6 f5 57. Rg6 Rxg6 58.
b8=Q f4 59. Qb7+ Kg4 60. Qg2+ Kf5 61. Qxe2 Rg7+ 62. Kd6 Rg6+ 63. Kd5 Rg7 64. Qd3+ Kg4 65. Ke5 Re7+ 66. Kf6 Ra7 67. Qe2+ Kh3 68. Kxg5 Rg7+ 69.
Kxf4 Rf7+ 70. Kg5 Rg7+ 71. Kf6 Rg8 72. Qf3+ Kh2 73. Qxe3 Rf8+ 74. Kg7 Rf3 75. Qxf3 Kg1 76. Qe2 Kh1 77. Bg3 Kg1 78. Qh2+ Kf1 79. Qf2# 1-0

[Event "Late-Titled-Tuesday-Blitz-May-14-2024"]
[Site "Chess.com"]
[Date "2024.05.14"]
[Round "1"]
[White "Supelyel"]
[Black "TanitoluwaAps116"]
[Result "1/2-1/2"]
[WhiteElo "2429"]
[BlackElo "2745"]
[TimeControl "180+1"]
[EndTime "14:09:43 PDT"]
[Termination "Game drawn by 50-move rule"]

1. c4 e5 2. Nc3 Nf6 3. g3 Nc6 4.
Bg2 d6 5. d3 g6 6. Bg5 Bg7 7. Nf3 h6 8. Bxf6 Bxf6 9. O-O Bg7 10.
Rb1 a5 11. a3 O-O 12. b4 axb4 13.
axb4 f5 14. Qd2 Be6 15. b5 Ne7 16. Rfc1 Ra3 17. Ne1 b6 18. Nc2 Ra5 19. Ra1 Rxa1 20. Rxa1 e4 21. Ra7 d5 22. cxd5 Nxd5 23. Nxd5 Qxd5 24.
Qb4 Rf7 25. dxe4 Qd1+ 26. Ne1 Qxe2 27. Ra8+ Kh7 28. Bf3 Qc4 29. Qb1 Qc3 30. Kg2 Bd4 31. Nd3 h5 32. exf5 Bxf5 33. Be2 Bxd3 34. Bxd3 Rxf2+ 35. Kh3 Bg7 36. Bxg6+ Kh6 37. Bf7 Qf6 38. Bd5 Qg5 39.
Qe4 Qf5+ 40. Qxf5 Rxf5 41. Bc6 Rc5 42. Rc8 Be5 43. Re8 Bd6 44. Re6+ Kg5 45. Re2 Rc3 46. Kg2 h4 47. gxh4+ Kxh4 48. Re4+ Kg5 49. Re2 Kg4 50.
Re4+ Kf5 51. Re2 Bf4 52. Rf2 Kg4 53. Bd7+ Kg5 54. Bc6 Bd6 55. Re2 Rc4 56. Re4 Rc2+ 57. Kf3 Rxh2 58. Re2 Rh3+ 59. Ke4 Rc3 60. Kd5 Kf5 61.
Rf2+ Bf4 62. Bd7+ Kg5 63. Bc6 Kf5 64. Bd7+ Kg5 65. Bc6 Rc5+ 66. Ke4 Bd6 67. Rg2+ Kf6 68. Rf2+ Ke7 69. Rg2 Re5+ 70. Kd4 Rf5 71. Rg7+ Kf6 72. Rg2 Ke6 73. Rg6+ Kf7 74. Rg2 Bc5+ 75. Kd3 Rf4 76. Re2 Kf6 77. Re1 Rd4+ 78. Kc3 Rf4 79. Re2 Kf5 80.
Bd7+ Kf6 81. Bc6 Rh4 82. Kd3 Rh3+ 83. Kc4 Bd6 84. Bd7 Rh4+ 85. Kd5 Rb4 86. Re6+ Kf5 87. Re2+ Kf6 88. Re6+ Kg7 89. Re2 Rb3 90. Bc6 Rc3 91. Ke6 Rc5 92. Kd7 Kf6 93. Rf2+ Ke5 94. Re2+ Kd4 95.
Rd2+ Kc4 96. Rc2+ Kb4 97. Rb2+ Ka3 98. Rg2 Kb4 99. Rb2+ Ka3 100. Rg2 Bf4 101. Rf2 Rc4 102. Kc8 Kb4 103. Kd7 Kc5 104. Rg2 Rd4+ 105. Ke6 Rd6+ 106. Kf5 Bd2 107. Ke4 Bc3 1/2-1/2

[Event "Late-Titled-Tuesday-Blitz-May-14-2024"]
[Site "Chess.com"]
[Date "2024.05.14"]
[Round "1"]
[White "simaopdias"]
[Black "Sinquefield"]
[Result "1/2-1/2"]
[WhiteElo "2223"]
[BlackElo "2581"]
[TimeControl "180+1"]
[EndTime "14:09:57 PDT"]
[Termination "Game drawn by 50-move rule"]

1. e4 d6 2. Nc3 Nf6 3. d4 Nbd7 4. Be2 e5 5. Nf3 Be7 6. Be3 c6 7. Qd2 b5 8. a3 a5 9. dxe5 dxe5 10. Bd3 Rb8 11. Ne2 Qc7 12. Ng3 Nc5 13. O-O Ng4 14. Bg5 f6 15. h3 fxg5 16. hxg4 Bxg4 17. Nxg5 Qd8 18. Nf3 Bxf3 19. gxf3 Bg5 20. Qc3 Qd4 21.
Qxd4 exd4 22. Nf5 O-O 23. b4 Nxd3 24. cxd3 g6 25. Nxd4 axb4 26. Nxc6 Rbc8 27. Nxb4 Rxf3 28. Ra2 Rcf8 29. Rc2 h5 30. Rc5 Bd8 31. Rxb5 R3f4 32. f3 g5 33. Nd5 R4f7 34. Ne3 Ra7 35. Rb3 Ra6 36. Nf5 Rg6 37. Rb8 Bb6+ 38. Rxb6 Rxb6 39.
d4 Rb3 40. a4 Ra3 41. d5 Rxa4 42. d6 Rxf5 43. exf5 Rd4 44. Re1 Rxd6 45. Kf2 Kf7 46.
Re5 Kf6 47. Ra5 Rb6 48. Kg3 Rb2 49. Rc5 Rb3 50. Rc6+ Kxf5 51. Rc5+ Kf6 52. Rc6+ Kf7 53. Rc5 Kf6 54. Rc6+ Ke7 55. Rc5 g4 56. Rxh5 gxf3 57. Rf5 f2+ 58. Kxf2 Ke6 59. Rf3 Rb2+ 60. Kg3 Ke5 61.
Re3+ Kf5 62. Re8 Rb3+ 63. Kf2 Ra3 64. Rf8+ Ke4 65. Re8+ Kf4 66. Rf8+ Kg5 67. Rg8+ Kf6 68. Rf8+ Ke7 69. Rf3 Ra2+ 70. Kg3 Ke6 71. Rf8 Ra3+ 72. Rf3 Ra4 73. Re3+ Kf5 74. Re8 Ra3+ 75. Kf2 Kf4 76. Rf8+ Ke4 77. Re8+ Kd4 78. Rd8+ Kc5 79. Rc8+ Kd6 80.
Re8 Rb3 81. Re2 Kd5 82. Re8 Kd4 83. Re7 Rb2+ 84. Kf3 Rb3+ 85. Kf2 Rb8 86. Rd7+ Ke5 87. Re7+ Kf6 88. Re2 Rb3 89. Kf1 Kf5 90. Re8 Kg4 91.
Rg8+ Kf3 92. Rf8+ Ke3 93. Re8+ Kf4 94. Rf8+ Ke5 95. Re8+ Kf6 96. Re2 Rb1+ 97. Kf2 Rb4 98. Re3 Kf5 99. Re8 Rb2+ 100. Kf3 Rb3+ 101. Kf2 Ra3 102. Rf8+ Ke6 103. Re8+ Kf7 104. Re3 Ra4 105. Kf3 Kg6 106. Re4 Ra3+ 107. Kf4 Ra1 108. Re6+ 1/2-1/2